[Event "Titled Tuesday Blitz March 15 Late 2022"]
[White "Van Foreest, Jorden"]
[Black "Aydin, Gulenay"]
[WhiteFideId "1039784"]
[BlackFideId "34557431"]
[WhiteElo "2609"]
[BlackElo "1429"]
[Result "1-0"]
[Round "02"]
[TimeControl "180+1"]
[Date "2022.03.16"]
[WhiteClock "0:01:59"]
[BlackClock "0:00:03"]

1. e4 c5 2. Nf3 d6 3. Bb5+ Bd7 4. Bxd7+ Qxd7 5. O-O Nc6 6. Re1 Nf6 7. c3 e6 8. d4 cxd4 9. cxd4 d5 10. e5 Ng8 11. Nc3 Nge7 12. Ne2 h5 13. Bg5 Nf5 14. Rc1 Be7 15. a3 O-O-O 16. b4 Kb8 17. Qd2 b6 18. Rc2 Rc8 19. Rec1 Bxg5 20. Nxg5 f6 21. Nf3 Nce7 22. Nf4 h4 23. h3 Nc6 24. Ng6 Rh6 25. exf6 gxf6 26. Ngxh4 Rxh4 27. Nxh4 Nxh4 28. Qf4+ Kb7 29. Qxh4 Qg7 30. b5 Nxd4 31. Qxd4 Rg8 32. Rc7+ 1-0


[Site "https://www.chess.com"]

[Event "Titled Tuesday Blitz March 15 Late 2022"]
[White "Vargas Pereda, Jesus Manue"]
[Black "Batsiashvili, Nino"]
[WhiteFideId "5115710"]
[BlackFideId "13602993"]
[WhiteElo "1852"]
[BlackElo "2192"]
[Result "0-1"]
[Round "02"]
[TimeControl "180+1"]
[Date "2022.03.16"]
[WhiteClock "0:01:58"]
[BlackClock "0:01:55"]

1. d4 d5 2. Bf4 e6 3. e3 Bd6 4. Nd2 Bxf4 5. exf4 c5 6. dxc5 Qc7 7. Ngf3 Qxf4 8. Bd3 Nd7 9. O-O Nxc5 10. Bb5+ Bd7 11. Qe2 Nf6 12. c4 Bxb5 13. cxb5 O-O 14. a3 Nfe4 15. b4 Nxd2 16. Nxd2 Na4 17. Rac1 Rfc8 18. Nf3 Rxc1 0-1


[Site "https://www.chess.com"]

[Event "Titled Tuesday Blitz March 15 Late 2022"]
[White "Vifleemskaia, Svetlana"]
[Black "Sztokbant, Bernardo Vainzoff"]
[WhiteFideId "4129490"]
[BlackFideId "2115956"]
[WhiteElo "1901"]
[BlackElo "2237"]
[Result "0-1"]
[Round "02"]
[TimeControl "180+1"]
[Date "2022.03.16"]
[WhiteClock "0:00:01"]
[BlackClock "0:00:58"]

1. d4 Nf6 2. c4 g6 3. Nc3 d5 4. cxd5 Nxd5 5. Bd2 Bg7 6. e4 Nxc3 7. Bxc3 O-O 8. Qd2 c5 9. d5 e6 10. Bc4 exd5 11. Bxd5 Nc6 12. Ne2 Re8 13. O-O Be6 14. Nf4 Bxd5 15. exd5 Nd4 16. Rfe1 Qg5 17. Kh1 h5 18. d6 Qf5 19. Bxd4 Bxd4 20. g3 Rad8 21. Qd3 Rxe1+ 22. Rxe1 Qxd3 23. Nxd3 Rxd6 24. Re7 c4 25. Nb4 Rb6 26. a3 Bxb2 27. Rc7 c3 28. Kg2 Kg7 29. Nd5 Rc6 30. Rxc6 bxc6 31. Nb4 Bxa3 32. Nc2 Bc5 33. Kf3 Kf6 34. Ke4 Bxf2 35. Kd3 Kf5 36. Kxc3 Kg4 37. Kd3 Kh3 38. Ke2 Bc5 39. Kf3 Kxh2 40. g4 h4 41. Ne1 h3 42. Nd3 Bd6 0-1


[Site "https://www.chess.com"]

[Event "Titled Tuesday Blitz March 15 Late 2022"]
[White "VinceBlitzSociety"]
[Black "Sadilek, Peter"]
[BlackFideId "1616439"]
[WhiteElo "2547"]
[BlackElo "2145"]
[Result "1-0"]
[Round "02"]
[TimeControl "180+1"]
[Date "2022.03.16"]
[WhiteClock "0:00:38"]
[BlackClock "0:00:02"]

1. e4 c5 2. Nc3 g6 3. Nf3 Bg7 4. Bc4 Nc6 5. O-O e6 6. d4 cxd4 7. Nb5 d6 8. Nbxd4 a6 9. Be3 Nf6 10. Nxc6 bxc6 11. e5 Nd5 12. Bg5 f6 13. exf6 Bxf6 14. Bh6 Ne7 15. Re1 d5 16. Bd3 Qd6 17. c4 e5 18. cxd5 cxd5 19. Rc1 Bg4 20. Rc3 Rd8 21. Qa4+ Kf7 22. Qxg4 e4 23. Bf4 Qe6 24. Qxe6+ Kxe6 25. Ng5+ Bxg5 26. Bxg5 Rb8 27. Bxe7 Kxe7 28. b3 Kd6 29. Bxa6 Ra8 30. Bf1 Rxa2 31. Rd1 Rf8 32. f3 Ke5 33. Rc5 exf3 34. Rcxd5+ Ke4 35. R5d4+ Ke5 36. gxf3 Rxf3 37. R4d2 Rxd2 38. Rxd2 Rxb3 39. Rd7 h5 40. Ra7 Kf4 41. Ra4+ Kg5 42. Ra6 Kf5 43. Kf2 g5 44. Ra5+ Kf4 45. Ra4+ Kf5 46. Be2 g4 47. Ra5+ Kg6 48. Rd5 Rb2 49. Re5 h4 50. Re4 Kf5 51. Re8 Kf4 52. Rf8+ Kg5 53. Rg8+ Kf5 54. Ke3 g3 55. hxg3 hxg3 56. Bd3+ Ke5 57. Rg5+ Kf6 58. Rxg3 Ke5 59. Rg5+ Kf6 60. Ra5 Rb6 61. Kf4 Rb4+ 62. Be4 Rb6 63. Rh5 Rb4 64. Rh6+ Kg7 65. Ra6 Rb2 66. Bf5 Kf7 67. Ke5 Ke7 68. Ra7+ Kd8 69. Be4 Rb5+ 70. Kd6 Rb6+ 71. Bc6 Rb8 72. Rh7 1-0


[Site "https://www.chess.com"]

[Event "Titled Tuesday Blitz March 15 Late 2022"]
[White "Vlassov, Nikolai"]
[Black "Tari, Aryan"]
[WhiteFideId "4103360"]
[BlackFideId "1510045"]
[WhiteElo "2407"]
[BlackElo "2567"]
[Result "0-1"]
[Round "02"]
[TimeControl "180+1"]
[Date "2022.03.15"]
[WhiteClock "0:01:08"]
[BlackClock "0:01:34"]

1. e4 c6 2. d4 d5 3. e5 Bf5 4. Nc3 e6 5. g4 Bg6 6. Nge2 c5 7. Be3 Nc6 8. dxc5 h5 9. Nd4 hxg4 10. Bb5 Rc8 11. Qxg4 Nh6 12. Bxh6 Rxh6 13. Nxe6 fxe6 14. Qxe6+ Be7 15. O-O-O Kf8 16. Rxd5 Bg5+ 17. Kb1 Bxc2+ 18. Kxc2 Rxe6 19. Rxd8+ Rxd8 20. Bxc6 bxc6 21. f4 Bxf4 22. Rf1 g5 23. h4 Kg7 24. hxg5 Bxe5 25. Re1 Rde8 26. Rd1 Bxc3 27. Kxc3 Kg6 0-1


[Site "https://www.chess.com"]

[Event "Titled Tuesday Blitz March 15 Late 2022"]
[White "Vokhidov, Shamsiddin"]
[Black "Ambartsumova, Karina"]
[WhiteFideId "14204223"]
[BlackFideId "4166299"]
[WhiteElo "2611"]
[BlackElo "2262"]
[Result "1-0"]
[Round "02"]
[TimeControl "180+1"]
[Date "2022.03.15"]
[WhiteClock "0:00:51"]
[BlackClock "0:00:19"]

1. e4 e5 2. Nf3 Nc6 3. d4 exd4 4. Nxd4 Bc5 5. Be3 Qf6 6. c3 Nge7 7. g3 d5 8. Bg2 dxe4 9. O-O O-O 10. Nd2 Nxd4 11. Nxe4 Qb6 12. cxd4 Bd6 13. Nxd6 Qxd6 14. Rc1 c6 15. d5 cxd5 16. Bc5 Qd8 17. Qb3 b6 18. Bxe7 Qxe7 19. Bxd5 Bb7 20. Rfe1 Qd7 21. Rcd1 Bxd5 22. Rxd5 Qc7 23. Rde5 a5 24. Re7 Qc5 25. R1e5 Qc1+ 26. Kg2 Qc6+ 27. Kg1 Rad8 28. Re1 h6 29. h4 Rd6 30. a3 Rf6 31. R1e2 Rd8 32. Qc2 Qf3 33. Re8+ 1-0


[Site "https://www.chess.com"]

[Event "Titled Tuesday Blitz March 15 Late 2022"]
[White "Vusatiuk, Vladimir"]
[Black "Kohler, Aran"]
[WhiteFideId "14118610"]
[BlackFideId "1002856"]
[WhiteElo "2157"]
[BlackElo "2281"]
[Result "0-1"]
[Round "02"]
[TimeControl "180+1"]
[Date "2022.03.16"]
[WhiteClock "0:00:11"]
[BlackClock "0:00:16"]

1. e4 c5 2. Nf3 d6 3. c3 Nf6 4. h3 Nc6 5. Bd3 e5 6. Bc2 Be7 7. O-O O-O 8. d4 cxd4 9. cxd4 Re8 10. Nc3 exd4 11. Nxd4 Nxd4 12. Qxd4 Be6 13. Bf4 d5 14. e5 Nh5 15. Bh2 g6 16. Rad1 Rc8 17. Ba4 Bc5 18. Qd2 Re7 19. Nxd5 Bxd5 20. Qxd5 Qb6 21. Bb3 Ng7 22. Rd2 Ne6 23. Qe4 Bb4 24. Rc2 Rd8 25. Rfc1 Nc5 26. Qe3 Nxb3 27. Qxb6 axb6 28. axb3 Bc5 29. Kf1 Red7 30. Bf4 Rd1+ 31. Rxd1 Rxd1+ 32. Ke2 Rd5 33. Kf3 Rd3+ 34. Ke4 Rxb3 35. Rd2 Kg7 36. Bg5 Rb4+ 37. Kf3 Rd4 38. Bf6+ Kf8 39. Rxd4 Bxd4 40. b3 Ke8 41. Ke2 Kd7 42. f4 Ke6 43. Kd3 Bc5 44. Ke4 h5 45. g4 hxg4 46. hxg4 b5 47. f5+ gxf5+ 48. gxf5+ Kd7 49. Kd5 Be3 50. e6+ fxe6+ 51. fxe6+ Ke8 52. Kd6 b4 53. Kc7 Bd2 54. Kxb7 Bc3 55. Kc6 Bxf6 56. Kb5 Bc3 57. Kc4 Ke7 58. Kd5 Be1 59. Ke5 Bc3+ 60. Kf5 Bb2 61. Ke4 Kxe6 0-1


[Site "https://www.chess.com"]

[Event "Titled Tuesday Blitz March 15 Late 2022"]
[White "Weber, Samuel"]
[Black "Romanchuk, Viktor"]
[WhiteFideId "12924008"]
[BlackFideId "14109271"]
[WhiteElo "2215"]
[BlackElo "2242"]
[Result "1-0"]
[Round "02"]
[TimeControl "180+1"]
[Date "2022.03.16"]
[WhiteClock "0:00:18"]
[BlackClock "0:00:10"]

1. e4 e6 2. d3 d5 3. Nd2 Nf6 4. Ngf3 c5 5. g3 g6 6. Bg2 Bg7 7. O-O O-O 8. Re1 Nc6 9. c3 a5 10. a4 b6 11. exd5 exd5 12. Nb3 Bb7 13. d4 cxd4 14. Nbxd4 Ne4 15. Bf4 Nxd4 16. Nxd4 Qd7 17. Nb5 Qc6 18. Qb3 Nc5 19. Qc2 Rad8 20. Rad1 Ne4 21. Qb3 Nc5 22. Qa2 Rd7 23. c4 Qc8 24. cxd5 Qa8 25. h4 h6 26. h5 g5 27. Bc7 Qa6 28. Bf1 Qa8 29. Bxb6 Bxd5 30. Qb1 Ne6 31. Qf5 Bc6 32. Bd3 Rb8 33. Qh7+ Kf8 34. Rxe6 fxe6 35. Bc5+ Ke8 36. Qg8+ Bf8 37. Qxf8# 1-0


[Site "https://www.chess.com"]

[Event "Titled Tuesday Blitz March 15 Late 2022"]
[White "Xiong, Jeffery"]
[Black "Najer, Evgeniy"]
[WhiteFideId "2047640"]
[BlackFideId "4118987"]
[WhiteElo "2727"]
[BlackElo "2562"]
[Result "1-0"]
[Round "02"]
[TimeControl "180+1"]
[Date "2022.03.15"]
[WhiteClock "0:00:46"]
[BlackClock "0:00:04"]

1. d4 d5 2. Nf3 Nf6 3. Bf4 c5 4. e3 Nc6 5. Nbd2 Nh5 6. Be5 e6 7. c3 f6 8. Bg3 g6 9. Bh4 cxd4 10. Nxd4 Nxd4 11. exd4 Bd6 12. Be2 Nf4 13. O-O O-O 14. Re1 Bd7 15. Bf1 Rf7 16. Bg3 g5 17. c4 Rc8 18. Rc1 Bb8 19. Nb1 Bc6 20. Rc3 Qd7 21. Bxf4 Bxf4 22. g3 Bd6 23. Rce3 Re8 24. Nc3 Rfe7 25. Bh3 f5 26. Qh5 g4 27. Bg2 dxc4 28. d5 exd5 29. Bxd5+ Kh8 30. Rxe7 Rxe7 31. Rxe7 Bxe7 32. Qf7 1-0


[Site "https://www.chess.com"]

[Event "Titled Tuesday Blitz March 15 Late 2022"]
[White "Zaksaite, Salomeja"]
[Black "Petesch, Gabriel"]
[WhiteFideId "12801496"]
[BlackFideId "2032465"]
[WhiteElo "1953"]
[BlackElo "2374"]
[Result "0-1"]
[Round "02"]
[TimeControl "180+1"]
[Date "2022.03.16"]
[WhiteClock "0:00:01"]
[BlackClock "0:00:20"]

1. e3 e5 2. d4 Nc6 3. dxe5 Nxe5 4. Nf3 Ng6 5. Bd3 Nf6 6. b3 d5 7. Bb2 Bd6 8. Nbd2 O-O 9. h4 Bg4 10. Qe2 Re8 11. Bxg6 hxg6 12. O-O-O c5 13. Kb1 a5 14. a4 Qe7 15. Qd3 Bf5 16. Qc3 d4 17. exd4 Nd5 18. Qc4 Nb4 19. dxc5 Bxc2+ 20. Ka1 Bxc5 21. Rhe1 Qf8 22. Rxe8 Rxe8 23. Re1 Rc8 24. Qg4 Bf5 25. Qg5 Nc2+ 26. Ka2 Nxe1 27. Nxe1 Bxf2 28. Nef3 Qc5 29. h5 Be3 0-1


[Site "https://www.chess.com"]

[Event "Titled Tuesday Blitz March 15 Late 2022"]
[White "Zhou, Qiyu"]
[Black "Yang, Kaiqi"]
[WhiteFideId "505161"]
[BlackFideId "8604398"]
[WhiteElo "1925"]
[BlackElo "2373"]
[Result "0-1"]
[Round "02"]
[TimeControl "180+1"]
[Date "2022.03.16"]
[WhiteClock "0:00:02"]
[BlackClock "0:00:10"]

1. e4 c5 2. Nf3 Nf6 3. e5 Nd5 4. c3 Nc6 5. d4 cxd4 6. cxd4 d6 7. Bc4 e6 8. O-O Be7 9. Re1 O-O 10. Nc3 Nxc3 11. bxc3 dxe5 12. Nxe5 Nxe5 13. Rxe5 Bf6 14. Re1 Qc7 15. Qb3 Bd7 16. Bb2 b5 17. Bd3 Rab8 18. Rac1 Rfc8 19. Qd1 g6 20. Qf3 Bg7 21. h4 Bc6 22. Qe2 Qb7 23. f3 Bd5 24. Ba3 Bc4 25. Bd6 Ra8 26. h5 Bxd3 27. Qxd3 Qd5 28. Be5 Rd8 29. Bxg7 Kxg7 30. hxg6 hxg6 31. Qe4 Rac8 32. Qxd5 Rxd5 33. Kf2 Rc4 34. Ke3 Rd6 35. f4 Rdc6 36. Kd2 Ra6 37. Rc2 Ra3 38. Rb1 a6 39. Rb3 Raa4 40. Rcb2 Kf6 41. Rb4 Kf5 42. g3 Kg4 43. Rxa4 Rxa4 44. Kd3 Kxg3 45. Re2 Kg4 46. Rf2 Kf5 47. Re2 f6 48. Rf2 Ra3 49. Re2 b4 50. Kc4 bxc3 51. Kb4 c2 52. Rxc2 Rd3 53. Kc4 Rf3 54. Rb2 Rxf4 55. Rb6 e5 56. Rxa6 Rxd4+ 57. Kc3 g5 58. Ra8 g4 59. Rg8 Rd7 60. a4 Kf4 61. Kb4 g3 62. a5 e4 63. Kc5 e3 64. a6 e2 65. Re8 g2 66. Rxe2 g1=Q+ 67. Kc6 Qd4 0-1


[Site "https://www.chess.com"]

[Event "Titled Tuesday Blitz March 15 Late 2022"]
[White "Zhurbinsky, David"]
[Black "Melkumyan, Hrant"]
[WhiteFideId "2072904"]
[BlackFideId "13302485"]
[WhiteElo "2602"]
[BlackElo "2604"]
[Result "0-1"]
[Round "02"]
[TimeControl "180+1"]
[Date "2022.03.15"]
[WhiteClock "0:01:10"]
[BlackClock "0:00:30"]

1. e4 e6 2. d4 d5 3. Nc3 Bb4 4. e5 c5 5. a3 Ba5 6. f4 cxd4 7. Qxd4 Nc6 8. Bb5 Ne7 9. Nf3 O-O 10. Qd3 d4 11. Bxc6 dxc3 12. b4 Qxd3 13. cxd3 Nxc6 14. bxa5 Nxa5 15. Be3 Bd7 16. Rc1 Rfc8 17. Bd4 Nb3 18. Rc2 Nxd4 19. Nxd4 Ba4 20. Rc1 Rd8 21. Ne2 c2 22. Kd2 Bb5 23. d4 Bxe2 24. Kxe2 Rxd4 25. Rxc2 Rxf4 26. Rc7 Re4+ 27. Kd3 Rxe5 28. Rxb7 g6 29. h4 a5 30. Rf1 Rf8 31. g4 h5 32. gxh5 Rxh5 33. Rf4 Kg7 34. a4 e5 35. Rg4 Rd8+ 36. Ke3 Rd4 37. Rg1 Rxa4 38. Rf1 Rf4 39. Ra1 a4 40. Re7 Rfxh4 41. Rf1 Rf4 42. Rxf4 exf4+ 43. Kxf4 a3 44. Ra7 Rh3 45. Kg5 Rb3 46. Ra5 Rb4 47. Ra7 a2 48. Re7 a1=Q 49. Re4 Qf6+ 50. Kg4 Rxe4+ 51. Kg3 Rf4 52. Kg2 Qg5+ 53. Kh3 Rh4# 0-1


[Site "https://www.chess.com"]

[Event "Titled Tuesday Blitz March 15 Late 2022"]
[White "Zomorrodian, Eilia"]
[Black "Farmani Anosheh, Armin"]
[WhiteFideId "12551805"]
[BlackFideId "24613240"]
[WhiteElo "2098"]
[BlackElo "2289"]
[Result "0-1"]
[Round "02"]
[TimeControl "180+1"]
[Date "2022.03.16"]
[WhiteClock "0:00:13"]
[BlackClock "0:00:11"]

1. e4 c5 2. Nf3 d6 3. Bb5+ Bd7 4. Bxd7+ Nxd7 5. O-O Ngf6 6. Re1 e6 7. c3 Be7 8. d4 O-O 9. h3 Rc8 10. Bg5 h6 11. Bh4 cxd4 12. cxd4 d5 13. e5 Ne4 14. Bxe7 Qxe7 15. Nbd2 Nxd2 16. Qxd2 Nb6 17. Rac1 Nc4 18. Qe2 Qb4 19. Rc2 Rc6 20. Rec1 Rfc8 21. b3 Na5 22. Rxc6 Rxc6 23. Rxc6 Nxc6 24. Qb2 Qb5 25. Qc3 Qe2 26. a4 a5 27. g3 Kh7 28. Kg2 Nb4 29. Qd2 Qxd2 30. Nxd2 Nc2 31. Nf3 Kg6 32. g4 h5 33. Kf1 hxg4 34. hxg4 f6 35. Ke2 Kf7 36. Kd3 Nb4+ 37. Kc3 Ke7 38. g5 f5 39. Nh4 Kf7 40. Ng2 Kg6 41. Nf4+ Kf7 42. g6+ Ke7 43. Nh5 Kf8 44. Nf4 Ke7 45. f3 Nc6 46. Nd3 b6 47. b4 Kd7 48. bxa5 Nxa5 49. Kb4 Kc6 50. Nf4 Kd7 51. Nh5 Nc6+ 52. Kc3 Ne7 53. Nxg7 Nxg6 54. Nh5 Kc6 55. Kb4 Kc7 56. Ng7 Nf4 57. Kb5 Kb7 58. Ne8 Nd3 59. Ng7 Nf4 60. a5 bxa5 61. Kxa5 Kc7 62. Kb5 Kd7 63. Kc5 Ke7 64. Kc6 Ne2 65. Kc5 Nf4 66. Kc6 Kf7 67. Nxe6 Kxe6 68. Kc5 Ne2 69. Kb4 Nxd4 70. Kc3 Nxf3 71. Kd3 Nxe5+ 72. Ke3 Kf6 73. Ke2 d4 74. Kf2 f4 75. Ke1 Ke6 76. Kd2 Kd5 77. Ke2 Ke4 78. Kf2 0-1


[Site "https://www.chess.com"]

[Event "Titled Tuesday Blitz March 15 Late 2022"]
[White "Abdyzhapar, Asylbek"]
[Black "Eynullayev, Atilla"]
[WhiteFideId "13800337"]
[BlackFideId "13413570"]
[WhiteElo "2331"]
[BlackElo "1979"]
[Result "1-0"]
[Round "03"]
[TimeControl "180+1"]
[Date "2022.03.16"]
[WhiteClock "0:01:09"]
[BlackClock "0:00:17"]

1. d4 Nf6 2. Bf4 d5 3. e3 c5 4. c3 Nc6 5. Nd2 Bf5 6. Qb3 Qc8 7. dxc5 e5 8. Bg3 Bxc5 9. Ngf3 e4 10. Nd4 Bd7 11. a4 O-O 12. Be2 Bg4 13. Bxg4 Qxg4 14. h3 Qd7 15. O-O-O a6 16. f3 Na5 17. Qa2 Bxd4 18. exd4 e3 19. Nb3 Nc4 20. Rhe1 b6 21. Na1 Rfc8 22. Nc2 b5 23. a5 b4 24. Nxb4 Rab8 25. Bxb8 Rxb8 26. Nd3 Qb5 27. b3 Nxa5 28. Kc2 Nxb3 29. Rxe3 a5 30. Nc5 Nxc5 31. dxc5 Qxc5 32. Rd4 h5 33. g4 g6 34. g5 Rc8 35. gxf6 Qxd4 36. Re8+ Kh7 37. Rxc8 Qf2+ 38. Kb1 Qe1+ 39. Kb2 Qd2+ 40. Ka3 Qd3 41. Qb3 a4 42. Qb8 Kh6 43. Qf4+ Kh7 44. Rh8+ Kxh8 45. Qh6+ Kg8 46. Qg7# 1-0


[Site "https://www.chess.com"]

[Event "Titled Tuesday Blitz March 15 Late 2022"]
[White "Ambartsumova, Karina"]
[Black "Jeet, Jain"]
[WhiteFideId "4166299"]
[BlackFideId "5073022"]
[WhiteElo "2262"]
[BlackElo "2085"]
[Result "1-0"]
[Round "03"]
[TimeControl "180+1"]
[Date "2022.03.16"]
[WhiteClock "0:00:10"]
[BlackClock "0:00:36"]

1. e4 c6 2. d4 d5 3. exd5 cxd5 4. Nf3 Nf6 5. Ne5 Nc6 6. Bb5 Bd7 7. Nxd7 Qxd7 8. c3 e6 9. O-O Bd6 10. Nd2 O-O 11. Nf3 h6 12. Re1 a6 13. Bd3 b5 14. Qe2 Qc7 15. h3 Bf4 16. Ne5 Bxc1 17. Raxc1 Nxe5 18. dxe5 Nd7 19. Qh5 f5 20. exf6 Rxf6 21. Re2 Raf8 22. Rce1 e5 23. Bc2 Qc5 24. Qh4 a5 25. Qg3 Kh8 26. a3 a4 27. Rf1 e4 28. Bb1 Qc6 29. Ba2 Rg6 30. Qh2 Rf5 31. Rd1 Rfg5 32. g3 Ne5 33. Qg2 Nf3+ 34. Kf1 Rf6 35. h4 Re5 36. Qh3 h5 37. Re3 Ref5 38. Re2 Qc5 39. g4 hxg4 40. Qg3 Rf8 41. Kg2 d4 42. Rxe4 dxc3 43. Rxg4 c2 44. Rxg7 Qe5 45. Rg8+ Kh7 46. Qg6# 1-0


[Site "https://www.chess.com"]

[Event "Titled Tuesday Blitz March 15 Late 2022"]
[White "Andreikin, Dmitry"]
[Black "Pichot, Alan"]
[WhiteFideId "4158814"]
[BlackFideId "110973"]
[WhiteElo "2736"]
[BlackElo "2579"]
[Result "1-0"]
[Round "03"]
[TimeControl "180+1"]
[Date "2022.03.15"]
[WhiteClock "0:01:19"]
[BlackClock "0:00:25"]

1. d4 Nf6 2. c4 e6 3. Nf3 d5 4. g3 Be7 5. Bg2 O-O 6. O-O dxc4 7. Qc2 a6 8. a4 c5 9. dxc5 Bxc5 10. Na3 Bd7 11. Rd1 Qe7 12. Nxc4 Bc6 13. Bg5 h6 14. Bxf6 Qxf6 15. Nce5 Ba7 16. b4 Bxf3 17. Bxf3 Qxe5 18. Bxb7 Bxf2+ 19. Kxf2 Ra7 20. Bf3 Nd7 21. Qc6 Nf6 22. Qb6 Rc7 23. Qxa6 g5 24. Qd6 Qc3 25. Rac1 Qxc1 26. Rxc1 Rxc1 27. a5 Kg7 28. a6 g4 29. Bg2 Ra1 30. b5 Rc8 31. Qd4 Ra2 32. a7 e5 33. Qe3 1-0


[Site "https://www.chess.com"]

[Event "Titled Tuesday Blitz March 15 Late 2022"]
[White "Araujo Sanchez, Josue"]
[Black "Moroni, Luca Jr"]
[WhiteFideId "6416896"]
[BlackFideId "865834"]
[WhiteElo "2357"]
[BlackElo "2573"]
[Result "0-1"]
[Round "03"]
[TimeControl "180+1"]
[Date "2022.03.15"]
[WhiteClock "0:00:15"]
[BlackClock "0:00:45"]

1. e4 g6 2. d4 Bg7 3. Nc3 d6 4. Nge2 Nf6 5. f3 O-O 6. Be3 c6 7. a4 a5 8. h4 h5 9. Qd2 e5 10. dxe5 dxe5 11. Qxd8 Rxd8 12. Nc1 Be6 13. Nd3 Nfd7 14. O-O-O Na6 15. b3 Bf8 16. Be2 Nb4 17. Nb2 Bc5 18. Bxc5 Nxc5 19. Rxd8+ Rxd8 20. Rd1 Rxd1+ 21. Kxd1 Kf8 22. Bc4 Bd7 23. Ne2 b5 24. c3 Nba6 25. axb5 cxb5 26. Bd5 Nc7 27. c4 Nxb3 28. cxb5 Nxd5 29. exd5 Bxb5 30. Nc3 Ba6 31. Kc2 Nd4+ 32. Kd2 Ke7 33. Ne4 Bf1 34. Na4 Bxg2 35. d6+ Kd8 36. Nac5 Bxf3 37. Nb7+ Kc8 38. Nec5 Bxb7 39. d7+ Kd8 40. Nxb7+ Kxd7 41. Nxa5 Nf3+ 42. Ke3 Nxh4 43. Nc4 Ke6 0-1


[Site "https://www.chess.com"]

[Event "Titled Tuesday Blitz March 15 Late 2022"]
[White "Ardila, Oscar Humberto"]
[Black "Rengifo Blancas, Renzo Jhonathan"]
[WhiteFideId "4404742"]
[BlackFideId "3807185"]
[WhiteElo "1966"]
[BlackElo "2058"]
[Result "0-1"]
[Round "03"]
[TimeControl "180+1"]
[Date "2022.03.16"]
[WhiteClock "0:00:04"]
[BlackClock "0:01:35"]

1. d4 d5 2. c4 c6 3. cxd5 cxd5 4. Nf3 Nc6 5. Nc3 Nf6 6. Bf4 a6 7. e3 Qb6 8. Qc2 Bf5 9. Qc1 Nb4 10. Be2 Nc2+ 11. Kf1 Nxa1 12. Qxa1 e6 13. g3 Bh3+ 14. Ke1 Bb4 15. Ng5 Bf5 16. Kf1 h6 17. Nf3 Bh3+ 18. Kg1 Rc8 19. Qc1 O-O 20. a3 Bxc3 21. bxc3 Ne4 22. Bf1 Rxc3 23. Qe1 Bxf1 24. Kxf1 Rc2 25. Kg2 Rxf2+ 26. Qxf2 Nxf2 27. Kxf2 Rc8 28. Kg2 Rc2+ 29. Kh3 g5 30. Be5 f5 31. Ne1 g4+ 32. Kh4 Qd8+ 33. Bf6 Qxf6+ 0-1


[Site "https://www.chess.com"]

[Event "Titled Tuesday Blitz March 15 Late 2022"]
[White "Awoki, Daniel Teidi"]
[Black "Yedidia, Daniel"]
[WhiteFideId "2100827"]
[BlackFideId "30905907"]
[WhiteElo "2023"]
[BlackElo "2506"]
[Result "1/2-1/2"]
[Round "03"]
[TimeControl "180+1"]
[Date "2022.03.16"]
[WhiteClock "0:00:07"]
[BlackClock "0:00:07"]

1. Nf3 Nf6 2. d4 d5 3. c4 e6 4. cxd5 exd5 5. Nc3 Be7 6. Bg5 O-O 7. e3 Bf5 8. Qb3 Nbd7 9. Nxd5 Nxd5 10. Qxd5 Be6 11. Bxe7 Qxe7 12. Qa5 b6 13. Qd2 c5 14. Bd3 Bd5 15. dxc5 Bxf3 16. gxf3 Nxc5 17. Qe2 Rfd8 18. Bc2 Qe5 19. Rb1 Rac8 20. f4 Qf6 21. O-O Ne6 22. Rfd1 Re8 23. Qd3 g6 24. b3 Rc3 25. Qd2 Rec8 26. Rbc1 Qh4 27. Bb1 Qg4+ 28. Kh1 Qf3+ 29. Kg1 Rxc1 30. Rxc1 Rd8 31. Qe1 h5 32. Bc2 h4 33. Bd1 Qd5 34. Bg4 f5 35. Rd1 Qa8 36. Rxd8+ Qxd8 37. Bf3 Nc5 38. Qd1 Qxd1+ 39. Bxd1 Nd3 40. Kf1 Kg7 41. a3 Nc5 42. b4 Nb7 43. Bb3 Kf6 44. Ke2 Nd6 45. Kd3 Ne4 46. Ke2 Nc3+ 47. Kd3 Ne4 48. Ke2 Nd6 49. f3 Ke7 50. a4 a5 51. bxa5 bxa5 52. Kd3 Kd7 53. Kd4 Kc6 54. Bd5+ Kd7 55. Kc5 Kc7 56. Be6 Nb7+ 57. Kb5 Kd6 58. Bf7 Nc5 59. Bxg6 Nd3 60. Bxf5 Ne1 61. h3 Nxf3 62. Kxa5 Kc5 63. Ka6 Nd2 64. Kb7 Nf1 65. e4 Ne3 66. a5 Nc4 67. a6 Nd6+ 68. Kb8 Kb6 69. a7 Nxf5 70. a8=Q Nd6 71. Qa7+ Kc6 72. Qh7 Kc5 73. Qxh4 Nxe4 74. Qe7+ Kd4 75. Qxe4+ Kxe4 76. h4 Kxf4 77. h5 Kg5 78. h6 Kxh6 1/2-1/2


[Site "https://www.chess.com"]

[Event "Titled Tuesday Blitz March 15 Late 2022"]
[White "Aydin, Gulenay"]
[Black "Cagara, Paulina"]
[WhiteFideId "34557431"]
[BlackFideId "1124870"]
[WhiteElo "1429"]
[BlackElo "1780"]
[Result "1-0"]
[Round "03"]
[TimeControl "180+1"]
[Date "2022.03.16"]
[WhiteClock "0:00:05"]
[BlackClock "0:00:38"]

1. e4 c6 2. d4 d5 3. exd5 cxd5 4. c4 Nf6 5. Nc3 Nc6 6. Bg5 dxc4 7. Bxc4 Qxd4 8. Qxd4 Nxd4 9. O-O-O e5 10. f4 Bg4 11. Nf3 Rc8 12. Nxe5 Bxd1 13. Bxf7+ Ke7 14. Rxd1 h6 15. Rxd4 hxg5 16. Ng6+ Kxf7 17. Nxh8+ Kg8 18. fxg5 Kxh8 19. gxf6 gxf6 20. Rd7 b5 21. a3 a5 22. Kb1 b4 23. axb4 Bxb4 24. Nd5 Rc6 25. Nxb4 axb4 26. Rb7 Rc4 27. g3 f5 28. Ka2 Rd4 29. Rf7 Rd5 30. Kb3 Rd2 31. Rxf5 Rxh2 32. Rf4 Rg2 33. Rxb4 Rxg3+ 34. Ka4 Kg8 35. Rf4 Rg5 36. b4 Kg7 37. b5 Kg6 38. Ka5 Rg1 39. Ka6 Kg5 40. Rf8 Ra1+ 41. Kb7 Kg6 42. b6 Kg7 43. Rf4 Rc1 44. Ka6 Ra1+ 45. Kb5 Re1 46. b7 Re8 47. Kc6 1-0


[Site "https://www.chess.com"]

[Event "Titled Tuesday Blitz March 15 Late 2022"]
[White "Babazada, Khazar"]
[Black "Vokhidov, Shamsiddin"]
[WhiteFideId "13413554"]
[BlackFideId "14204223"]
[WhiteElo "2418"]
[BlackElo "2611"]
[Result "1-0"]
[Round "03"]
[TimeControl "180+1"]
[Date "2022.03.15"]
[WhiteClock "0:00:27"]
[BlackClock "0:00:24"]

1. Nf3 d5 2. b3 c5 3. Bb2 f6 4. c4 d4 5. e3 e5 6. exd4 cxd4 7. Bd3 Nc6 8. O-O Be6 9. Na3 Bc5 10. Nc2 Nge7 11. Nh4 O-O 12. a3 a5 13. Qh5 f5 14. Nf3 Bf7 15. Qh3 e4 16. Ng5 h6 17. Nxe4 fxe4 18. Bxe4 Qd6 19. Rae1 Rae8 20. d3 Ng6 21. Bc1 Be6 22. Qh5 Bf7 23. Qh3 Re7 24. f4 Qf6 25. g4 Rfe8 26. g5 Qd6 27. Kh1 Rxe4 28. dxe4 d3 29. e5 Qd8 30. e6 Rxe6 31. Rxe6 dxc2 32. gxh6 Qd7 33. f5 Bxe6 34. fxe6 Qd1 35. hxg7 Kxg7 36. Qh6+ Kg8 37. Qxg6+ Kh8 38. Qe8+ Kh7 39. Qd7+ 1-0


[Site "https://www.chess.com"]

[Event "Titled Tuesday Blitz March 15 Late 2022"]
[White "Baches Garcia, Guillermo"]
[Black "Goryachkina, Aleksandra"]
[WhiteFideId "2209764"]
[BlackFideId "4147103"]
[WhiteElo "2445"]
[BlackElo "2426"]
[Result "1/2-1/2"]
[Round "03"]
[TimeControl "180+1"]
[Date "2022.03.16"]
[WhiteClock "0:00:32"]
[BlackClock "0:00:18"]

1. e4 c5 2. Nf3 e6 3. c4 Nc6 4. Nc3 Nf6 5. d4 cxd4 6. Nxd4 Bb4 7. Nxc6 bxc6 8. Bd3 d6 9. O-O O-O 10. Bg5 h6 11. Bh4 g5 12. Bg3 e5 13. Qc2 Nh5 14. Rad1 Qf6 15. Na4 c5 16. Be2 Nf4 17. Bxf4 gxf4 18. Bf3 Kh8 19. a3 Ba5 20. Nc3 Bxc3 21. Qxc3 a5 22. b4 axb4 23. axb4 cxb4 24. Qxb4 Ra6 25. c5 dxc5 26. Qxc5 Rg8 27. Kh1 Be6 28. Ra1 Rxa1 29. Rxa1 Rc8 30. Qd6 Kg7 31. h3 Rd8 32. Qc5 Rc8 33. Qd6 Rd8 34. Qc5 Rc8 35. Qd6 1/2-1/2


[Site "https://www.chess.com"]